Map: Apotheosis LE

Players

Gracz - Winner!

  • Race: Protoss Protoss
  • League: Bronze

ZeroRaziel

  • Race: Terran Terran
  • League: Bronze

VOD

Have the link to the VOD?

Description

Time

  • Played on: Sept. 18, 2016, 2:58 p.m.
  • Length: 7:38
Show
View Real Time Build Order
Export as new Build Order

Gracz Protoss - Winner!

Build Orders:  

Get SALT Encoding   

  12  0:02  Probe (Chrono Boost)  
  13  0:18  Pylon  
  13  0:19  Probe (Chrono Boost)  
  14  0:30  Probe (Chrono Boost)  
  15  0:47  Gateway  
  15  0:48  Probe (Chrono Boost)  
  16  0:58  Probe (Chrono Boost)  
  16  0:59  Pylon  
  16  1:02  Assimilator  
  17  1:09  Probe (Chrono Boost)  
  18  1:19  Probe (Chrono Boost)  
  18  1:22  Gateway  
  19  1:28  Gateway  
  19  1:38  Gateway  
  19  1:49  Cybernetics Core  
  19  1:51  Probe (Chrono Boost)  
  20  2:16  Zealot  
  20  2:17  Zealot  
  24  2:27  Stalker  
  26  2:41  Assimilator, Adept  
  26  2:42  Probe (Chrono Boost)  
  26  2:43  Stalker  
  31  2:58  Pylon  
  31  3:12  Stalker  
  31  3:18  Probe (Chrono Boost)  
  30  3:52  Stalker  
  34  3:55  Stalker  
  28  3:56  Stalker  
  34  4:13  Gateway  
  34  4:14  Gateway  
  34  4:18  Zealot  
  32  4:25  Zealot  
  32  4:26  Stalker  
  28  4:56  Stargate  
  28  5:01  Zealot  
  28  5:04  Zealot x2  
  28  5:07  Nexus  
  34  5:10  Pylon  
  34  5:26  Stalker  
  34  5:28  Stargate  
  36  5:38  Probe (Chrono Boost)  
  34  5:50  Probe (Chrono Boost)  
  32  6:03  Probe (Chrono Boost)  
  33  6:13  Void Ray x2  
  35  6:44  Stalker  
  35  6:45  Stalker x2  
  35  6:46  Stalker  
  41  6:53  Probe x2 (Chrono Boost)  
  43  6:55  Stalker  
  45  7:05  Probe (Chrono Boost)  
Show
View Real Time Build Order
Export as new Build Order

ZeroRaziel Terran 

Build Orders:  

Get SALT Encoding   

  12  0:02  SCV  
  13  0:14  SCV  
  14  0:22  Supply Depot  
  14  0:28  SCV  
  14  0:34  Refinery  
  15  0:45  Barracks  
  15  0:48  SCV  
  16  0:57  Supply Depot  
  16  1:00  SCV  
  17  1:18  SCV  
  18  1:30  SCV  
  19  1:45  Factory  
  19  1:50  SCV  
  20  2:00  Command Center  
  20  2:11  Marine  
  21  2:18  Refinery  
  22  2:25  Orbital Command  
  22  2:29  Marine  
  22  2:36  Factory Tech Lab  
  22  2:55  Siege Tank  
  25  3:10  Starport  
  25  3:40  Siege Tank  
  26  3:49  Starport Tech Lab  
  26  3:55  Marine  
  24  4:05  Supply Depot  
  24  4:08  Banshee  
  27  4:12  Siege Tank  
  27  4:13  Marine  
  31  4:29  Supply Depot  
  30  4:43  Barracks  
  29  4:53  Supply Depot  
  29  5:03  Cloaking Field  
  29  5:17  Starport  
  29  5:53  Siege Tank  
  23  6:48  SCV  
  24  6:59  Starport Tech Lab  
  24  7:00  SCV  
  28  7:12  SCV  
Tags
 
Add a new tag
Caveats
  • Supply blocks, unpowered buildings, or Contaminate may cause inaccurate times.
  • Supply counts are checked every 10 seconds.